 Dungeon Crawl Stone Soup version 0.30-a0-414-gcb316572d5 (webtiles) character file.

Game seed: 5912626079481163614

13347 Snarg the Skirmisher (level 12, -2/86 HPs)
             Began as a Barachi Hexslinger on Dec 6, 2022.
             Was a Follower of Uskayaw.
             Slain by a cane toad (19 damage)
             ... on level 2 of the Lair of Beasts on Dec 8, 2022.
             The game lasted 02:01:09 (14860 turns).

Snarg the Skirmisher (Barachi Hexslinger)          Turns: 14860, Time: 02:01:10

Health: -2/86      AC:  8    Str: 11    XL:     12   Next: 5%
Magic:  15/27      EV: 16    Int: 16    God:    Uskayaw [*.....]
Gold:   615        SH:  4    Dex: 20    Spells: 4/19 levels left

rFire   . . .      SeeInvis .    b - +2 quick blade (flame)
rCold   . . .      Faith    .    (no shield)
rNeg    . . .      Spirit   .    z - +0 steam dragon scales
rPois   +          Reflect  .    (helmet restricted)
rElec   .          Harm     .    t - +0 cloak
rCorr   .          Rampage  .    (no gloves)
Will    .....                    S - +0 pair of boots
Stlth   +++.......               (no amulet)
HPRegen 0.34/turn                k - ring of poison resistance
MPRegen 0.20/turn                w - ring of magical power

@: mighty, brilliant, slow
A: amphibious, slowness 1, strong legs 1, +LOS, horns 1, large bone plates 1,
agile 1, clever 1, MP-powered wands
a: Hop, Renounce Religion, Stomp


You were on level 2 of the Lair of Beasts.
You worshipped Uskayaw.
Uskayaw was noncommittal.
You visited 3 branches of the dungeon, and saw 12 of its levels.
You also visited: Sewer and Volcano.

You collected 615 gold pieces.

Inventory:

Hand Weapons
 a - a +1 shortbow
 b - a +2 quick blade of flaming (weapon)
 d - a +2 antimagic whip
 g - a +2 scimitar of freezing
 j - a +0 rapier
 r - a +0 arbalest
 u - a +1 sling
 v - a +2 whip of venom
 A - a +1 executioner's axe of flaming
 D - a +5 flail of draining
 M - a +2 great mace of flaming
Missiles
 i - 44 stones
 x - 11 boomerangs
 y - a throwing net
 I - 18 poisoned darts
Armour
 t - a +0 cloak (worn)
 z - +0 steam dragon scales (worn)
 B - a +1 pair of gloves of dexterity
 J - +0 fire dragon scales
 L - a +3 leather armour of fire resistance
 P - a +1 leather armour of cold resistance
 Q - a +2 chain mail of fire resistance
 S - a +0 pair of boots (worn)
Jewellery
 k - a ring of poison resistance (left hand)
 s - a ring of fire
 w - a ring of magical power (right hand)
Wands
 f - a wand of flame (3)
 m - a wand of iceblast (3)
Scrolls
 c - a scroll of amnesia
 p - 2 scrolls of poison
 H - a scroll of magic mapping
 O - 2 scrolls of identify
 T - a scroll of enchant armour
Potions
 h - 2 potions of mutation
 l - 4 potions of attraction
 o - a potion of might
 C - a potion of resistance
 F - a potion of cancellation
 G - a potion of haste
 K - a potion of curing
 R - 4 potions of flight
Miscellaneous
 e - a piece from Xom's chessboard (14/15)


   Skills:
 + Level 5.5 Fighting
 + Level 4.3 Short Blades
 + Level 11.7 Ranged Weapons
 + Level 0.4 Throwing
 + Level 5.0 Armour
 + Level 6.4 Dodging
 - Level 3.0 Stealth
 - Level 1.3 Shields
 - Level 4.0 Spellcasting
 + Level 9.2 Hexes
 - Level 2.0 Summonings
 - Level 4.0 Translocations
 * Level 3.8 Invocations
 * Level 4.1 Evocations


You had 4 spell levels left.
You knew the following spells:

 Your Spells              Type           Power      Damage    Failure   Level
a - Slow                  Hex            100%       N/A       1%          1
b - Portal Projectile     Hex/Tloc       72%        N/A       3%          3
c - Tukima's Dance        Hex            49%        N/A       1%          3
d - Apportation           Tloc           48%        N/A       3%          1
e - Cause Fear            Hex            24%        N/A       3%          4
f - Summon Guardian Gole  Hex/Summ       31%        N/A       4%          3

Your spell library contained the following spells:

 Spells                   Type           Power      Damage    Failure   Level
 Summon Small Mammal      Summ           56%        N/A       8%          1
 Inner Flame              Hex/Fire       27%        N/A       8%          3
 Gell's Gravitas          Tloc           24%        N/A       10%         3
 Teleport Other           Tloc           24%        N/A       10%         3
 Necrotise                Necr           16%        1d4       17%         1
 Call Canine Familiar     Summ           14%        N/A       22%         3
 Blade Hands              Tmut           2%         N/A       99%         5
 Dispersal                Tloc           12%        N/A       99%         6
 Orb of Destruction       Conj           2%         9d5       100%        7
 Spellforged Servitor     Conj/Summ      4%         N/A       100%        7


Dungeon Overview and Level Annotations

Branches:
Dungeon (9/15)             Temple (1/1) D:6            Lair (2/5) D:8
  Snake (0/4) Lair:2          Orc (0/2) D:9           Sewer (visited)
Volcano (visited)
  Swamp: Lair:2-3    Shoals: Lair:2-3

Altars:
Ashenzari
Cheibriados
Dithmenos
Elyvilon
Fedhas
Gozag
Hepliaklqana
Kikubaaqudgha
Makhleb
Nemelex Xobeh
Okawaru
Qazlal
Ru
Sif Muna
Trog
Uskayaw
Vehumet
Wu Jian
Xom
Yredelemnul
Zin
The Shining One

Annotations:
D:1 clr
D:2 clr
D:3 Sigmund
D:4 clr
D:5 1 runed translucent door, Crazy Yiuf
D:6 clr, exclusion: ice beast
D:7 clrc
D:8 clr
D:9 clr
Lair:1 clr
Lair:2 3 transporters, greasedhog's ghost, journeyman GrVM


Innate Abilities, Weirdness & Mutations

You are amphibious.
You cover ground slowly.
You can hop short distances.
You have an extended range of vision and can be seen from far away.
You have a pair of small horns on your head.
You are partially covered in large bone plates. (SH +4)
You are agile. (Dex +4, Str/Int -1)
Your mind is acute. (Int +4, Str/Dex -1)
You expend magic power (3 MP) to strengthen your wands.


Message History

You feel sick.
Unknown command.
Unknown command.
You feel better.
The elephant is engulfed in poison gas.
The elephant looks as sick as possible!
The elephant is engulfed in poison gas.
The elephant looks as sick as possible!
The elephant tramples you.
* * * LOW HITPOINT WARNING * * *
You hold your ground!
The elephant misses you.
The elephant is engulfed in poison gas.
The elephant looks even sicker. x2
Okay, then.
Unknown command.
Unknown command.
You feel better.
You are ready to hop once more.
The cane toad barely misses you.
The elephant is engulfed in poison gas.
The elephant looks as sick as possible!
The elephant is engulfed in poison gas.
The elephant looks even sicker.
The elephant is engulfed in poison gas.
The elephant looks as sick as possible!
The elephant is engulfed in poison gas.
The elephant looks as sick as possible!
The elephant misses you. x2
The cane toad closely misses you.
Unknown command.
Unknown command.
Casting: Cause Fear (dangerous; 3% risk of failure)
Confirm with . or Enter, or press ? or * to list all spells.
Casting: Cause Fear (dangerous; 3% risk of failure)
Press: ? - help, Dir - look around, f - activate You feel a surge of power!
The cane toad resists with almost no effort.
The elephant looks frightened! x3; The elephant easily resists.
The elephant resists with almost no effort.
The elephant is engulfed in poison gas.
The elephant looks as sick as possible!
The elephant tramples you.
* * * LOW HITPOINT WARNING * * *
You hold your ground!
The elephant closely misses you.
The elephant looks as sick as possible!
The elephant is engulfed in poison gas.
The elephant looks as sick as possible!
The elephant is engulfed in poison gas.
The elephant looks as sick as possible!
The elephant misses you. x2
The elephant is engulfed in poison gas.
The elephant looks as sick as possible!
The cane toad stings you!!
You die...

..##.# *,,,,,,,,,,,..,,,,,,,,,,,
.PP### **,,,,***,,..,,,,,,******
...Y.# *,,,,,*,*,§#*###***,,,,,
.FY..## *,,,,,,,*#§#.○..,,*,,,,,
##....# *,,,,,,,#§☼#....,,*,,,,,
W##...# **,,,,,*,§○○#..#.*,+,,,,,
r8#..## *,,,,,,**○§§#☼.©!,,+,,,,©
Y.#...#**,,,,*###☼○§#..#.*,+,,,,,
..#..##,**,,,*#☼@§§☼#,,,,,,*,,,,,
..#©..†,*,,,,##FYY§○#,,,,,,*,,,,,
..#......,,,,#○§.§☼§#*******,,,,,
..#.........☼§§§☼§§§○☼.#* ******
.8#k.......§☼☼§§☼§§§○§○§# *,,
.##..#...§§○○§§☼○§Y☼○§§## *,,
##...#P.##☼§○§○○○☼§☼§☼§#* *,,
.....#####○§§§§§○§Y.Y§§§# **,
,,,,** #§§§§.###§§.§§§# *,,


You could see 5 elephants and a cane toad.

Vanquished Creatures
  A fire dragon (Volcano)
  Erolcha (D:9)
  A hell hog (Volcano)
  A gargoyle (D:7)
  4 cane toads
  4 komodo dragons
  Prince Ribbit (D:6)
  4 blink frogs
  2 wraiths (D:9)
  6 yaks
  2 steam dragons (Volcano)
  A basilisk (Lair:1)
  7 fire bats (Volcano)
  3 wyverns
  4 wargs
  3 water moccasins
  2 hell hounds (Volcano)
  A sky beast (D:7)
  A black bear (D:5)
  2 ice beasts
  4 orc warriors
  3 centaurs
  2 necrophages
  7 bullfrogs
  3 gnoll sergeants
  4 scorpions
  5 killer bees (D:9)
  2 howler monkeys (D:9)
  3 hounds
  2 orc priests (D:6)
  A gnoll bouda (D:5)
  9 orc wizards
  Terence (D:2)
  An iguana (D:5)
  Ijyb (D:5)
  10 adders
  22 gnolls
  An ufetubus (D:6)
  2 worms
  4 dart slugs
  27 orcs
  12 ball pythons
  9 endoplasms
  10 giant cockroaches
  8 hobgoblins
  3 jackals (D:4)
  6 kobolds
  17 quokkas
  2 bats (D:1)
  23 frilled lizards
  A goblin (D:1)
  6 rats
262 creatures vanquished.

Vanquished Creatures (collateral kills)
  Edmund (D:5)
  An orc warrior (D:8)
  An orc priest (D:8)
  2 orc wizards (D:8)
  3 gnolls
  An orc (D:8)
9 creatures vanquished.

Vanquished Creatures (others)
  3 komodo dragons (Lair:1)
  13 dancing weapons
  An orc priest (D:8)
  An orc wizard (D:8)
  3 fungi (Lair:2)
  4 plants (D:2)
25 creatures vanquished.

Grand Total: 296 creatures vanquished

Notes
Turn   | Place    | Note
-------+----------+-------------------------------------------
     0 | D:1      | Snarg the Barachi Hexslinger began the quest for the Orb.
     0 | D:1      | Reached XP level 1. HP: 15/15 MP: 2/2
    84 | D:1      | Reached XP level 2. HP: 13/21 MP: 0/3
   426 | D:1      | Reached XP level 3. HP: 26/26 MP: 4/4
   842 | D:2      | Gained mutation: You have hidden genetic potential. [potion
                  | of mutation]
   842 | D:2      | Gained mutation: You are clumsy. (Dex -2) [potion of
                  | mutation]
   842 | D:2      | Gained mutation: Your mind is acute. (Int +4, Str/Dex -1)
                  | [potion of mutation]
   842 | D:2      | Gained mutation: Your muscles are strong. (Str +4, Int/Dex
                  | -1) [potion of mutation]
   844 | D:2      | HP: 1/26 [adder (2)]
   999 | D:2      | Noticed Terence
  1049 | D:2      | Reached XP level 4. HP: 33/33 MP: 6/6
  1053 | D:2      | Learned a level 3 spell: Portal Projectile
  1222 | D:3      | Found a glowing drain.
  1267 | D:3      | Reached skill level 1 in Stealth
  1324 | Sewer    | Entered a sewer
  1372 | Sewer    | Gained mutation: You are partially covered in large bone
                  | plates. (SH +4) [hidden potential]
  1405 | Sewer    | Reached skill level 1 in Translocations
  1631 | Sewer    | Reached skill level 3 in Ranged Weapons
  1721 | Sewer    | Reached XP level 5. HP: 21/38 MP: 7/7
  1727 | Sewer    | Reached skill level 1 in Short Blades
  1820 | Sewer    | Gained mutation: You have a pair of small horns on your
                  | head. [hidden potential]
  1820 | Sewer    | Lost mutation: You have hidden genetic potential. [hidden
                  | potential expressed]
  1888 | Sewer    | Reached XP level 6. HP: 17/44 MP: 8/8
  2092 | D:3      | Upgraded the game from 0.30-a0-394-g3e4acdb0ae to
                  | 0.30-a0-414-gcb316572d5
  2306 | D:3      | Noticed Sigmund
  2621 | D:4      | Reached skill level 4 in Ranged Weapons
  2719 | D:4      | You fall into a shaft and drop 3 floors!
  2767 | D:7      | Reached skill level 1 in Shields
  2767 | D:7      | Reached XP level 7. HP: 51/51 MP: 5/10
  2806 | D:7      | Noticed a wyvern
  2851 | D:7      | Found a sacrificial altar of Ru.
  2902 | D:6      | Reached skill level 1 in Evocations
  3000 | D:6      | Found a staircase to the Ecumenical Temple.
  3149 | Temple   | Entered the Ecumenical Temple
  3487 | Temple   | Became a worshipper of Uskayaw the Reveller
  3492 | Temple   | Learned a level 3 spell: Tukima's Dance
  3514 | D:6      | Noticed Prince Ribbit
  3520 | D:6      | Reached * piety under Uskayaw
  3525 | D:6      | Reached ** piety under Uskayaw
  3530 | D:6      | Killed Prince Ribbit
  3531 | D:6      | Reached skill level 5 in Ranged Weapons
  3768 | Temple   | Reached XP level 8. HP: 53/56 MP: 11/11
  3777 | Temple   | Lost mutation: You are clumsy. (Dex -2) [potion of
                  | mutation]
  3777 | Temple   | Lost mutation: Your muscles are strong. (Str +4, Int/Dex
                  | -1) [potion of mutation]
  3777 | Temple   | Gained mutation: You expend magic power (3 MP) to
                  | strengthen your wands. [potion of mutation]
  3777 | Temple   | Gained mutation: You are agile. (Dex +4, Str/Int -1)
                  | [potion of mutation]
  3923 | D:6      | Reached *** piety under Uskayaw
  3925 | D:6      | Reached **** piety under Uskayaw
  4131 | D:6      | Reached skill level 5 in Hexes
  4278 | D:6      | Reached skill level 6 in Ranged Weapons
  4592 | D:5      | Entered Level 5 of the Dungeon
  4959 | D:5      | Found a runed translucent door.
  4960 | D:5      | Noticed Crazy Yiuf
  5039 | D:5      | Noticed Edmund
  5052 | D:5      | Killed Edmund
  5134 | D:4      | Found a shimmering blue altar of Sif Muna.
  5350 | D:4      | Learned a level 1 spell: Apportation
  5395 | D:4      | Found a glowing golden altar of the Shining One.
  5848 | D:2      | Killed Terence
  5970 | D:5      | Found a broken altar of Ashenzari.
  5983 | D:5      | Reached XP level 9. HP: 50/65 MP: 11/13
  6004 | D:5      | Reached skill level 7 in Ranged Weapons
  6176 | D:5      | Noticed Ijyb
  6193 | D:5      | Killed Ijyb
  6372 | D:5      | Reached skill level 1 in Invocations
  6733 | D:6      | Found a snail-covered altar of Cheibriados.
  6800 | D:6      | Learned a level 4 spell: Cause Fear
  7204 | D:7      | Noticed a gargoyle
  7354 | D:7      | Found a shadowy altar of Dithmenos.
  7542 | D:7      | Killed a gargoyle
  7900 | D:7      | Reached skill level 8 in Ranged Weapons
  8067 | D:8      | Reached skill level 5 in Dodging
  8284 | D:8      | Found a hazy altar of Hepliaklqana.
  8319 | D:8      | HP: 3/65 [wyvern (12)]
  8617 | D:8      | Reached skill level 1 in Armour
  8617 | D:8      | Reached XP level 10. HP: 23/73 MP: 5/14
  8937 | D:8      | Found a staircase to the Lair.
  9543 | D:8      | Found a bloodstained altar of Trog.
  9649 | Lair:1   | Entered Level 1 of the Lair of Beasts
  9723 | Lair:1   | Noticed a cane toad
 10058 | D:8      | Killed a cane toad
 10405 | D:9      | Reached skill level 9 in Ranged Weapons
 10408 | D:9      | Reached skill level 5 in Fighting
 10769 | D:9      | Found a staircase to the Orcish Mines.
 11542 | D:9      | Reached XP level 11. HP: 64/79 MP: 17/17
 11870 | D:9      | Noticed Erolcha
 12518 | D:9      | Killed Erolcha
 12519 | D:9      | Reached skill level 10 in Ranged Weapons
 12985 | Lair:1   | Learned a level 3 spell: Summon Guardian Golem
 13124 | Lair:1   | Reached skill level 1 in Summonings
 13708 | Lair:1   | Reached skill level 5 in Armour
 14326 | Lair:2   | Found a transporter.
 14328 | Lair:2   | Noticed a five-headed hydra
 14333 | Lair:2   | Noticed greasedhog's ghost (journeyman GrVM)
 14338 | Lair:2   | Found a transporter.
 14339 | Lair:2   | Found a dark tunnel.
 14349 | Volcano  | Entered a volcano
 14444 | Volcano  | Noticed a hell hog
 14445 | Volcano  | Reached skill level 11 in Ranged Weapons
 14450 | Volcano  | Killed a hell hog
 14453 | Volcano  | Noticed a fire dragon
 14454 | Volcano  | Reached ***** piety under Uskayaw
 14470 | Volcano  | Killed a fire dragon
 14471 | Volcano  | Reached ****** piety under Uskayaw
 14828 | Lair:2   | Reached XP level 12. HP: 86/86 MP: 18/18
 14850 | Lair:2   | HP: 3/86 [cane toad (20)]
 14850 | Lair:2   | Found a transporter.
 14857 | Lair:2   | HP: 4/86 [poisoned by you (poison gas)]
 14860 | Lair:2   | Slain by a cane toad

Illustrated notes

Levels and vault maps discovered:
D:1:      dpeg_arrival_refuge, layout_rooms
D:2:      layout_rooms, minmay_lizard_king, uniq_terence
D:3:      layout_rooms, gup_sewer_entry_glass, grunt_decor_fettered,
          uniq_sigmund
D:4:      layout_loops_ring, lemuel_doored_altar, nicolae_sif_muna_condensation,
          kennysheep_small_square
D:5:      layout_loops_ring, evilmike_ruin_ashenzari, uniq_ijyb, uniq_edmund,
          uniq_crazy_yiuf_cottage
D:6:      layout_basic, old_standard_altar, minmay_temple_entry_mini_moons,
          uniq_prince_ribbit1
D:7:      layout_gridville, kennysheep_little_box,
          nicolae_dithmenos_the_darkroom, minivault_25
D:8:      layout_gridville, nicolae_overflow_hidden_temple,
          mainiacjoe_overflow_surrounded_room, erik_lair_orcish_takeover
D:9:      layout_gridville, david_orc_3, hellmonk_bongcloud_opening,
          uniq_erolcha
Temple:   eino_temple_water
Lair:1:   layout_cave_pods
Lair:2:   gammafunk_cloud_chamber, layout_cave_pods,
          minmay_snake_entry_guardpost_medium, enter_volcano_1,
          gammafunk_ghost_arena, minmay_hedge_maze, beast_lair_carwin_1,
          lemuel_fruit_fields

Skill      XL: |  1  2  3  4  5  6  7  8  9 10 11 |
---------------+----------------------------------+-----
Stealth        | 1 2 3 |  3.0
Translocations | 1 2 3 4 |  4.0
Ranged Weapons | 3 4 5 6 8 9 11 | 11.7
Short Blades   | 1 2 3 4 |  4.3
Fighting       | 2 3 4 5 |  5.5
Hexes          | 4 5 6 8 9 |  9.2
Shields        | 1 |  1.3
Spellcasting   | 2 3 4 |  4.0
Dodging        | 3 4 5 6 |  6.4
Evocations     | 1 2 4 |  4.1
Invocations    | 2 3 |  3.8
Armour         | 1 4 5 |  5.0
Summonings     | 2 |  2.0
Throwing       | |  0.4

Action                   |  1- 3 |  4- 6 |  7- 9 | 10-12 || total
-------------------------+-------+-------+-------+-------++-------
Melee: Short sword       |    29 |   151 |     8 |       ||   188
       Headbutt          |       |     4 |    49 |    36 ||    89
       Whip              |       |     2 |   115 |    56 ||   173
       Rapier            |       |       |    53 |    96 ||   149
       Punch             |       |       |     3 |     1 ||     4
       Scimitar          |       |       |       |     8 ||     8
       Quick blade       |       |       |       |     1 ||     1
 Fire: Sling             |   116 |   157 |   144 |       ||   417
       Shortbow          |       |       |   102 |   282 ||   384
       Arbalest          |       |       |       |    59 ||    59
Throw: Boomerang         |       |       |     1 |       ||     1
       Dart              |       |       |       |     2 ||     2
 Cast: Slow              |    21 |    33 |    25 |    16 ||    95
       Tukima's Dance    |       |       |    27 |    29 ||    56
       Portal Projectile |       |       |       |     6 ||     6
       Cause Fear        |       |       |       |     7 ||     7
       Summon Guardian G |       |       |       |     3 ||     3
Invok: Line Pass         |       |       |     5 |    11 ||    16
       Stomp             |       |       |       |     5 ||     5
 Abil: Hop               |     4 |     8 |    17 |    25 ||    54
Evoke: Wand              |       |     7 |    19 |    15 ||    41
       Piece from Xom's  |       |       |       |     7 ||     7
  Use: Potion            |     5 |     1 |     3 |    15 ||    24
       Scroll            |       |     9 |     8 |    14 ||    31
 Stab: Sleeping          |     1 |       |       |       ||     1
       Invisible         |       |     3 |       |       ||     3
       Paralysed         |       |       |     3 |     3 ||     6
       Distracted        |       |       |     1 |       ||     1
       Confused          |       |       |     2 |     1 ||     3
       Petrified         |       |       |       |     3 ||     3
Armor: Robe              |    13 |    25 |    49 |       ||    87
       Leather armour    |       |       |     3 |    52 ||    55
       Steam dragon scal |       |       |       |    18 ||    18
Dodge: Dodged            |    54 |   109 |   167 |   227 ||   557
Block: Other             |       |    23 |    41 |    66 ||   130

Table legend: (Time is in decaauts)
 A = Elapsed time spent in this place.
 B = Non-inter-level travel time spent in this place.
 C = Inter-level travel time spent in this place.
 D = Time resting spent in this place.
 E = Time spent auto-exploring this place.
 F = Levels seen in this place.
 G = Mean time per level.
                   A        B        C        D        E       F      G
               +--------+--------+--------+--------+--------+-----+--------+
         Total |  16408 |  15634 |    774 |   4236 |   7070 |  14 | 1172.0 |
       Dungeon |  12419 |  11791 |    628 |   3398 |   5408 |   9 | 1379.9 |
        Temple |    816 |    750 |     66 |    140 |    415 |   1 |  816.0 |
          Lair |   1931 |   1852 |     79 |    449 |    963 |   2 |  965.5 |
         Sewer |    730 |    730 |      0 |    113 |    198 |   1 |  730.0 |
       Volcano |    510 |    510 |      0 |    136 |     85 |   1 |  510.0 |
               +--------+--------+--------+--------+--------+-----+--------+

Top non-repeatable levels by time:
     D:8: 2807 daAuts
     D:9: 2096 daAuts
  Lair:1: 1802 daAuts
     D:6: 1605 daAuts
     D:5: 1397 daAuts
     D:7: 1221 daAuts
     D:4: 946 daAuts
     D:3: 823 daAuts
  Temple: 816 daAuts
     D:1: 770 daAuts
     D:2: 751 daAuts
   Sewer: 730 daAuts
 Volcano: 510 daAuts
  Lair:2: 128 daAuts
